Map: Dusk Towers

Players

Ben

  • Race: Terran Terran
  • League: Master

Miszu - Winner!

  • Race: Terran Terran
  • League: Master

VOD

Have the link to the VOD?

Description

Time

  • Played on: April 19, 2016, 1:16 p.m.
  • Length: 12:24
Show
View Real Time Build Order
Export as new Build Order

Ben Terran 

Build Orders: Liberator Opening 

Get SALT Encoding   

  12  0:00  SCV  
  13  0:13  SCV  
  14  0:25  SCV  
  14  0:27  Supply Depot  
  15  0:48  SCV  
  15  0:49  Barracks  
  16  0:54  Refinery  
  16  1:00  SCV  
  17  1:12  SCV  
  18  1:25  SCV  
  19  1:36  Marine  
  19  1:37  Orbital Command  
  20  1:40  Supply Depot  
  20  1:53  Command Center  
  20  1:54  Reaper  
  21  2:03  SCV  
  22  2:15  SCV  
  23  2:19  Factory  
  23  2:20  Refinery  
  23  2:27  SCV  
  24  2:32  Barracks Reactor  
  24  2:39  SCV  
  25  2:51  SCV  
  25  2:54  Supply Depot  
  25  2:58  Supply Depot  
  26  3:03  SCV  
  26  3:04  Starport  
  27  3:15  Hellion x2, SCV  
  27  3:16  Refinery  
  27  3:17  Refinery  
  32  3:25  Starport  
  32  3:36  Hellion x2  
  32  3:39  SCV  
  37  3:48  Liberator  
  37  3:49  Viking  
  37  3:52  Barracks Tech Lab  
  36  4:35  Hellion  
  36  4:36  Banshee  
  36  4:37  Barracks Tech Lab  
  41  5:05  Orbital Command  
  41  5:12  Raven  
  43  5:19  Raven  
  43  5:20  Factory Reactor  
  45  5:23  SCV  
  46  5:33  SCV  
  46  5:35  SCV  
  48  5:40  Corvid Reactor  
  48  5:45  SCV  
  48  5:48  SCV  
  50  5:54  Raven  
  52  5:58  Supply Depot, SCV  
  52  6:01  Raven  
  52  6:02  Hellion  
  57  6:06  SCV  
  57  6:10  SCV  
  56  6:14  Hellion  
  58  6:18  SCV  
  58  6:20  Explosive Shrapnel Shells  
  58  6:23  Hellion  
  58  6:25  SCV  
  62  6:30  SCV  
  63  6:35  Hellion  
  63  6:37  Raven, SCV  
  68  6:40  Supply Depot  
  68  6:45  SCV  
  69  6:49  SCV  
  69  6:54  Supply Depot  
  70  7:02  Hellion x2, Raven, SCV x2  
  78  7:08  Supply Depot  
  78  7:15  SCV  
  79  7:18  Supply Depot  
  79  7:19  SCV  
  79  7:20  Raven  
  82  7:30  Hellion x2  
  86  7:38  Supply Depot, SCV  
  87  7:44  Raven  
  87  7:45  Factory  
  89  7:52  Hellion x2  
  93  8:03  Raven  
  95  8:13  Hellion x2  
  88  8:27  Raven  
  90  8:34  Hellion x2  
  90  8:35  SCV  
  90  8:46  Raven  
  82  8:58  Hellion x2  
  86  9:04  Factory Tech Lab  
  86  9:08  Supply Depot  
  86  9:09  Supply Depot  
  86  9:10  Raven  
  86  9:14  SCV  
  86  9:15  SCV  
  90  9:19  Hellion x2  
  90  9:20  Supply Depot  
  94  9:25  Factory  
  94  9:26  SCV  
  94  9:27  Factory  
  94  9:28  Raven  
  94  9:29  Command Center  
  89  9:45  Hellion x2  
  91  9:46  SCV x2  
  93  9:53  Raven  
  91  10:02  Siege Tank  
  91  10:05  Infernal Pre-Igniter  
  91  10:06  Hellion x2  
  98  10:11  Command Center  
  98  10:14  Hellion x2  
  102  10:17  SCV x2  
  104  10:27  Hellion x2  
  108  10:34  Siege Tank  
  108  10:35  Hellion x2  
  115  10:36  SCV x2  
  115  10:40  Raven  
  119  10:45  Engineering Bay  
  119  10:48  SCV x2  
  119  10:49  Hellion x2  
  125  10:56  Hellion  
  127  11:01  Raven  
  127  11:02  Hellion  
  127  11:03  Refinery  
  131  11:05  Refinery  
  131  11:06  Hellion  
  98  11:34  Hellion  
  98  11:35  Hellion x4  
  93  11:56  Hellion  
  83  12:02  Hellion x2  
  83  12:03  Hellion  
Show
View Real Time Build Order
Export as new Build Order

Miszu Terran - Winner!

Build Orders: 1/1/1, MMM Bio 

Get SALT Encoding   

  12  0:01  SCV  
  13  0:13  SCV  
  14  0:17  Supply Depot  
  14  0:25  SCV  
  15  0:29  Refinery  
  15  0:39  SCV  
  16  0:44  Barracks  
  16  0:51  SCV  
  17  0:57  Refinery  
  17  1:03  SCV  
  18  1:15  SCV  
  20  1:33  Marine, Orbital Command  
  20  1:37  Factory  
  20  1:47  Supply Depot  
  20  1:51  Marine  
  21  1:58  SCV  
  22  2:10  Marine  
  22  2:11  SCV  
  23  2:20  Factory Tech Lab  
  23  2:21  Starport  
  23  2:23  SCV  
  24  2:30  Marine  
  24  2:32  Supply Depot  
  25  2:41  Siege Tank  
  25  2:43  SCV  
  29  2:50  Marine  
  30  2:57  Medivac  
  32  3:03  SCV  
  33  3:08  Marine  
  34  3:13  Supply Depot  
  34  3:14  Siege Tank  
  34  3:18  SCV  
  38  3:28  Barracks Reactor  
  38  3:34  Medivac  
  40  3:43  SCV  
  41  3:49  Command Center  
  41  4:06  Marine  
  41  4:07  Marine  
  41  4:27  Marine x2  
  41  4:33  Command Center  
  41  4:35  SCV  
  42  4:45  Marine  
  44  4:50  SCV  
  46  5:01  Orbital Command  
  44  5:09  SCV  
  44  5:10  Barracks  
  44  5:11  Starport Reactor  
  44  5:12  Barracks  
  45  5:16  Marine x2  
  45  5:21  SCV  
  48  5:31  SCV  
  48  5:33  SCV  
  48  5:34  Viking, Engineering Bay  
  51  5:43  SCV  
  51  5:44  Barracks Reactor, Engineering Bay  
  51  5:45  SCV  
  51  5:48  Orbital Command  
  53  5:55  SCV  
  54  5:57  SCV  
  54  5:58  Barracks Tech Lab x2  
  56  6:11  SCV  
  56  6:16  SCV  
  56  6:17  SCV  
  58  6:18  Missile Turret  
  58  6:19  Stimpack  
  58  6:20  Missile Turret  
  58  6:22  Refinery x2, Terran Infantry Armor Level 1, Terran Infantry Weapons Level 1  
  58  6:23  Starport Reactor  
  58  6:26  Marine  
  58  6:31  SCV x2  
  58  6:32  Orbital Command  
  61  6:34  Medivac  
  63  6:43  Barracks, SCV x2  
  63  6:44  Barracks  
  63  6:45  Marine  
  66  6:51  Marine  
  66  6:52  Combat Shields  
  67  6:55  SCV  
  67  6:56  SCV  
  67  6:58  SCV  
  70  7:01  Supply Depot  
  70  7:02  Supply Depot  
  70  7:07  SCV  
  70  7:08  Marine, SCV  
  73  7:10  SCV  
  77  7:19  SCV  
  77  7:22  Marine  
  77  7:23  Marauder, SCV x2  
  77  7:25  Supply Depot  
  77  7:27  Armory  
  77  7:28  Marine x2  
  84  7:31  SCV  
  84  7:32  Barracks Reactor  
  84  7:33  Barracks Reactor  
  84  7:35  SCV x2  
  87  7:39  Viking  
  87  7:41  Viking  
  87  7:43  SCV  
  90  7:49  Refinery  
  90  7:50  Refinery  
  90  7:54  SCV x2  
  90  7:55  Starport  
  90  7:56  SCV  
  90  8:00  Factory Reactor  
  90  8:04  Marine, Marauder  
  87  8:08  Marauder  
  85  8:16  Marine  
  85  8:17  Marine x4  
  74  8:21  Marine  
  74  8:25  Marauder  
  70  8:29  Marauder  
  62  8:34  Marine x4  
  62  8:35  Marine  
  62  8:38  SCV x2  
  62  8:39  Marine  
  67  8:47  Marauder  
  64  8:50  Marine  
  64  8:52  Marine x5  
  69  8:59  Marine  
  64  9:06  Medivac x2  
  64  9:08  Marauder, SCV x3  
  64  9:09  Marauder  
  75  9:19  Marine  
  75  9:20  Marine x2, SCV x2  
  75  9:21  SCV  
  81  9:25  Supply Depot  
  81  9:30  Marauder  
  75  9:32  SCV x2  
  75  9:33  SCV  
  75  9:36  Medivac  
  75  9:38  Marauder  
  75  9:41  Marine  
  75  9:42  Marine x5  
  75  9:44  Medivac, SCV  
  82  9:51  Marauder  
  82  9:52  SCV x2  
  86  9:56  SCV  
  86  9:59  Marine, Marauder  
  84  10:00  Viking x2  
  84  10:03  Marine  
  84  10:04  Marine x2, SCV  
  84  10:06  Viking, Marine  
  95  10:07  Marine  
  95  10:08  Concussive Shells  
  95  10:13  Marine  
  97  10:17  Marine  
  97  10:19  Viking  
  97  10:20  Marine  
  101  10:37  Viking, Marine x6  
  101  10:38  Supply Depot  
  101  10:39  Supply Depot  
  109  10:48  Supply Depot  
  109  10:55  Marine  
  109  10:56  Viking x2, Marine x3  
  117  10:59  Viking, Marine x2  
  117  11:00  SCV  
  117  11:01  Supply Depot x2, Marine  
  117  11:02  Marine  
  124  11:13  Supply Depot  
  124  11:15  Marine  
  125  11:19  Marine  
  125  11:20  Marine x6  
  102  11:33  Marine  
  102  11:37  Marine x3  
  102  11:38  Viking x2, Marine x4  
  114  11:51  Marine  
  103  11:55  Marine x3  
  104  12:03  Marine x4  
Tags
 
Add a new tag
Caveats
  • Supply blocks, unpowered buildings, or Contaminate may cause inaccurate times.
  • Supply counts are checked every 10 seconds.